 Dungeon Crawl Stone Soup version 0.28-a0-697-g47f3eba078 (webtiles) character file.

Game seed: 14230094412726315625

972 Gargoyl the Skirmisher (level 8, -6/67 HPs)
             Began as a Gnoll Abyssal Knight on Oct 23, 2021.
             Was a Believer of Lugonu.
             Killed from afar by Maggie (44 damage)
             ... with a bolt of acid
             ... on level 6 of the Dungeon.
             The game lasted 00:06:13 (6094 turns).

Gargoyl the Skirmisher (Gnoll Abyssal Knight)       Turns: 6094, Time: 00:06:13

Health: -6/67      AC: 13    Str: 15    XL:     8   Next: 16%
Magic:  12/12      EV: 11    Int: 19    God:    Lugonu [**....]
Gold:   142        SH:  0    Dex: 18    Spells: 13/13 levels left

rFire   + . .      SeeInvis .   a - +1 hand axe
rCold   . . .      Faith    .   (no shield)
rNeg    . . .      Spirit   .   c - +1 scale mail "Hubedd" {rF+ Int+4 Dex+5}
rPois   .          Reflect  .   l - +0 helmet
rElec   .          Harm     .   p - +0 cloak
rCorr   .          Rampage  .   h - +1 pair of gloves
Will    .....                   (no boots)
Stlth   ..........              n - amulet of the acrobat
HPRegen 0.21/turn               b - +6 ring of intelligence
MPRegen 0.13/turn               k - +4 ring of protection

@: confused, mighty, ambrosia-drunk, corroded, mesmerised
A: fangs 1, strong nose, distributed training
a: Renounce Religion, Depart the Abyss, Bend Space


You were on level 6 of the Dungeon.
You worshipped Lugonu.
Lugonu was pleased with you.
You visited 1 branch of the dungeon, and saw 6 of its levels.
You visited the Abyss 1 time.

You collected 202 gold pieces.
You spent 60 gold pieces at shops.

Inventory:

Hand Weapons
 a - a +1 hand axe (weapon)
Missiles
 q - a throwing net
 x - 3 curare-tipped darts (quivered)
Armour
 c - the +1 scale mail "Hubedd" (worn) {rF+ Int+4 Dex+5}
   (You found it on level 2 of the Abyss)

   Int:       It affects your intelligence (+4).
   Dex:       It affects your dexterity (+5).
   rF:        It protects you from fire.
 h - a +1 pair of gloves (worn)
 l - a +0 helmet (worn)
 p - a +0 cloak (worn)
Jewellery
 b - a +6 ring of intelligence (left hand)
 k - a +4 ring of protection (right hand)
 n - an amulet of the acrobat (around neck)
 r - a ring of magical power
Wands
 i - a wand of polymorph (2)
 j - a wand of iceblast (19)
 m - a wand of digging (7)
Scrolls
 s - 2 scrolls of silence
 t - 3 scrolls of identify
 v - a scroll of enchant weapon {unknown}
 w - a scroll of fog {unknown}
 y - a scroll of vulnerability {unknown}
Potions
 e - 4 potions of curing
 f - 2 potions of ambrosia
 g - a potion of flight
 o - a potion of heal wounds {unknown}
 u - a potion of lignification {unknown}


   Skills:
 + Level 7.2 Fighting
 + Level 3.0 Short Blades
 + Level 3.0 Long Blades
 + Level 5.5 Axes
 + Level 3.0 Maces & Flails
 + Level 3.0 Polearms
 + Level 3.0 Staves
 + Level 3.0 Slings
 + Level 3.0 Bows
 + Level 3.0 Crossbows
 + Level 3.0 Throwing
 + Level 5.5 Armour
 + Level 4.0 Dodging
 + Level 3.0 Stealth
 + Level 3.0 Shields
 + Level 3.0 Unarmed Combat
 + Level 3.0 Spellcasting
 + Level 2.4 Conjurations
 + Level 2.4 Hexes
 + Level 2.4 Summonings
 + Level 2.4 Necromancy
 + Level 2.4 Translocations
 + Level 2.4 Transmutations
 + Level 2.4 Fire Magic
 + Level 2.4 Ice Magic
 + Level 2.4 Air Magic
 + Level 2.4 Earth Magic
 + Level 2.4 Poison Magic
 + Level 5.7 Invocations
 + Level 3.0 Evocations


You had 13 spell levels left.
You didn't know any spells.
Your spell library contained the following spells:

 Spells                   Type           Power      Damage    Failure   Level
 Blink                    Tloc           N/A        N/A       30%         2
 Lesser Beckoning         Tloc           12%        N/A       52%         3
 Manifold Assault         Tloc           12%        N/A       99%         5


Dungeon Overview and Level Annotations

Branches:
Dungeon (6/15)             Temple (0/1) D:5

Altars:
Ashenzari
Elyvilon
Qazlal

Shops:
D:6 *

Annotations:
D:6 Maggie


Innate Abilities, Weirdness & Mutations

You have very sharp teeth.
Your uncanny sense of smell can sniff out nearby items.
Your experience applies equally to all skills.


Message History

The hound is severely wounded.
The hound bites you. The hound bites you but does no damage.
Maggie casts a spell.
Maggie attempts to bespell you!
You are mesmerised by Maggie!
Unknown command.
Okay, then.
You cannot move away from Maggie!
You cannot move away from Maggie!
Unknown command.
You closely miss the hound.
The hound is severely wounded.
The hound bites you. Maggie barely misses you.
Unknown command.
The hound completely misses you.
Maggie zaps a wand.
The bolt of acid misses you.
You hit Maggie but do no damage. You closely miss the hound.
The hound barely misses you.
Maggie hits you with a +1 glaive of flaming!
Maggie burns you.
Unknown command.
You hit Maggie.
Maggie is lightly wounded.
You hit the hound.
The hound bites you but does no damage. x2
Maggie barely misses you.
Unknown command.
You feel very mighty all of a sudden. The hound barely misses you.
Maggie closely misses you.
You are confused.
You feel invigorated.
The hound bites you but does no damage. x2
Maggie hits you with a +1 glaive of flaming!
Maggie burns you.
You miss Maggie. Your bite misses Maggie. You closely miss the hound.
The hound bites you but does no damage.
Maggie shouts, "Leave me alone!"
Maggie zaps a wand.
The bolt of acid misses you.
You bump into the rock wall.
The hound bites you but does no damage. The hound misses you.
Maggie zaps a wand.
The bolt of acid hits you!!!
Ouch! That really hurt!
You die...

,,*,*,,,,,,,,,,,,,*,,,^,*,,,,,,,,
,,,,**,,,,,,,,##*.#,******,,,**,,
,,*,**,*,**,,,..*.,,* *,,***,,
,,,,,,,,,,,,**#.#.*** *,** ***
***,***,**,,,,#...* *,* *,*
*,*#,*..#..#* *,* * *,*
*,*#.,..,..# *,*
***,*##,##.##.##@# *,******
,,,,,.........##@########*,,,,,,*
**,**#.#*#.....h........#******,*
*#.###.##.........#####.# *,*
#.#.......#.#.##.#####.# *,,
##.#.#.##..#.#.....<.##.# ***
#..........#..###.##.##.#
#..8.<.∩.>.8......##)##.#
#............##.#...)...##
#.....##......##.##)[)...#


You could see Maggie (mesmerising) and a hound.

Vanquished Creatures
  An ice beast (D:6)
  A black bear (D:6)
  An ogre (D:6)
  A phantom (D:4)
  A gnoll sergeant (D:6)
  A water moccasin zombie (D:5)
  2 water moccasin skeletons (D:5)
  A bullfrog zombie (D:5)
  A bullfrog skeleton (D:5)
  An iguana (D:5)
  Ijyb (D:3)
  Natasha (thrice) (D:2 D:1)
  An orc wizard (D:4)
  A scorpion zombie (D:5)
  3 gnolls (D:6)
  3 adders
  A white imp (D:5)
  An adder skeleton (D:4)
  2 dart slugs (D:2)
  15 orcs
  4 ball pythons
  10 endoplasms
  A giant cockroach (D:1)
  11 goblins
  6 hobgoblins
  2 quokkas (D:3)
  7 bats
  3 frilled lizards
  9 kobolds
  8 rats
103 creatures vanquished.

Vanquished Creatures (others)
  A goblin (D:3)
  3 plants (D:4)
4 creatures vanquished.

Grand Total: 107 creatures vanquished

Notes
Turn   | Place    | Note
-------+----------+-------------------------------------------
     0 | Abyss:1  | Gargoyl the Gnoll Abyssal Knight began the quest for the
                  | Orb.
     0 | Abyss:1  | Reached XP level 1. HP: 23/23 MP: 3/3
    75 | Abyss:1  | Noticed a small abomination
    92 | Abyss:2  | Identified the +1 scale mail "Hubedd" {rF+ Int+4 Dex+5}
   131 | Abyss:2  | Noticed a thrashing horror
   136 | D:1      | Escaped the Abyss
   417 | D:1      | Reached XP level 2. HP: 19/29 MP: 5/5
   591 | D:1      | Reached * piety under Lugonu
  1347 | D:2      | Reached XP level 3. HP: 34/35 MP: 6/6
  1421 | D:2      | Noticed Natasha
  1430 | D:2      | Killed Natasha
  1674 | D:2      | Noticed Natasha
  1687 | D:2      | Killed Natasha
  1688 | D:2      | Reached skill level 1 in Short Blades
  1688 | D:2      | Reached skill level 1 in Long Blades
  1688 | D:2      | Reached skill level 1 in Maces & Flails
  1688 | D:2      | Reached skill level 1 in Polearms
  1688 | D:2      | Reached skill level 1 in Staves
  1688 | D:2      | Reached skill level 1 in Slings
  1688 | D:2      | Reached skill level 1 in Bows
  1688 | D:2      | Reached skill level 1 in Crossbows
  1688 | D:2      | Reached skill level 1 in Throwing
  1688 | D:2      | Reached skill level 1 in Stealth
  1688 | D:2      | Reached skill level 1 in Shields
  1688 | D:2      | Reached skill level 1 in Unarmed Combat
  1688 | D:2      | Reached skill level 1 in Spellcasting
  1688 | D:2      | Reached skill level 1 in Evocations
  1688 | D:2      | Reached XP level 4. HP: 24/41 MP: 7/7
  2010 | D:2      | Noticed Natasha
  2053 | D:1      | Killed Natasha
  2054 | D:1      | Reached skill level 1 in Conjurations
  2054 | D:1      | Reached skill level 1 in Hexes
  2054 | D:1      | Reached skill level 1 in Summonings
  2054 | D:1      | Reached skill level 1 in Necromancy
  2054 | D:1      | Reached skill level 1 in Translocations
  2054 | D:1      | Reached skill level 1 in Transmutations
  2054 | D:1      | Reached skill level 1 in Fire Magic
  2054 | D:1      | Reached skill level 1 in Ice Magic
  2054 | D:1      | Reached skill level 1 in Air Magic
  2054 | D:1      | Reached skill level 1 in Earth Magic
  2054 | D:1      | Reached skill level 1 in Poison Magic
  2412 | D:3      | Found a faded altar of an unknown god.
  2420 | D:3      | Noticed Ijyb
  2425 | D:3      | Reached XP level 5. HP: 47/47 MP: 8/8
  2452 | D:3      | Killed Ijyb
  2746 | D:3      | Reached ** piety under Lugonu
  2779 | D:3      | Noticed a fire elemental
  2781 | D:3      | Found a stormy altar of Qazlal.
  2783 | D:3      | Noticed a water elemental
  2783 | D:3      | Noticed an air elemental
  3317 | D:4      | Reached skill level 5 in Invocations
  3317 | D:4      | Reached XP level 6. HP: 23/51 MP: 9/9
  3645 | D:4      | Reached skill level 5 in Axes
  3645 | D:4      | Reached skill level 5 in Armour
  3648 | D:4      | Identified the +6 leather armour "Tiusy" {Str+2}
  4041 | D:4      | Found a white marble altar of Elyvilon.
  4343 | D:5      | Entered Level 5 of the Dungeon
  4694 | D:5      | Reached XP level 7. HP: 58/59 MP: 10/10
  4764 | D:5      | Reached skill level 7 in Fighting
  4973 | D:5      | Found a broken altar of Ashenzari.
  5075 | D:5      | Found a staircase to the Ecumenical Temple.
  5599 | D:6      | Reached XP level 8. HP: 8/67 MP: 12/12
  5985 | D:6      | Found Kolo's Assorted Antiques.
  6003 | D:6      | Bought a potion of curing for 60 gold pieces
  6081 | D:6      | Noticed Maggie
  6094 | D:6      | Killed from afar by Maggie

Illustrated notes

Levels and vault maps discovered:
D:1:      scummos_arrival_simple_fountains, layout_loops_ring
D:2:      layout_rooms, serial_glass, glass_columns_c, glass_columns_a,
          glass_columns_b, glass_columns_a, glass_columns_b, minivault_24,
          roderic_filled_cross, kennysheep_donut, uniq_natasha
D:3:      kennysheep_the_goblin_king, layout_basic,
          nicolae_qazlal_style_of_elements, ebering_ecumenical_altar_hall
D:4:      layout_cave_pools, nicolae_elyvilon_temple_path
D:5:      layout_basic, kennysheep_mini, minmay_temple_entry_mist
D:6:      layout_loops_cross, mainiacjoe_overflow_small_starburst,
          chequers_temple_overflow_statue_of_worship, mainiacjoe_overflow_paths,
          serial_shops, nicolae_stop_n_shop_2, hangedman_abyss_or_decor_stabs,
          uniq_maggie, uniq_blork_the_orc, uniq_menkaure

Skill      XL: |  1  2  3  4  5  6  7  8 |
---------------+-------------------------+-----
Short Blades   | 1 2 3 |  3.0
Long Blades    | 1 2 3 |  3.0
Maces & Flails | 1 2 3 |  3.0
Polearms       | 1 2 3 |  3.0
Staves         | 1 2 3 |  3.0
Slings         | 1 2 3 |  3.0
Bows           | 1 2 3 |  3.0
Crossbows      | 1 2 3 |  3.0
Throwing       | 1 2 3 |  3.0
Stealth        | 1 2 3 |  3.0
Shields        | 1 2 3 |  3.0
Unarmed Combat | 1 2 3 |  3.0
Spellcasting   | 1 2 3 |  3.0
Evocations     | 1 2 3 |  3.0
Conjurations   | 1 2 |  2.4
Hexes          | 1 2 |  2.4
Summonings     | 1 2 |  2.4
Necromancy     | 1 2 |  2.4
Translocations | 1 2 |  2.4
Transmutations | 1 2 |  2.4
Fire Magic     | 1 2 |  2.4
Ice Magic      | 1 2 |  2.4
Air Magic      | 1 2 |  2.4
Earth Magic    | 1 2 |  2.4
Poison Magic   | 1 2 |  2.4
Dodging        | 3 4 |  4.0
Invocations    | 5 |  5.7
Axes           | 5 |  5.5
Armour         | 5 |  5.5
Fighting       | 7 |  7.2

Action                   |  1- 3 |  4- 6 |  7- 9 || total
-------------------------+-------+-------+-------++-------
Melee: Hand axe          |    82 |   222 |   152 ||   456
       Bite              |    12 |    30 |    27 ||    69
       Punch             |     1 |     1 |     1 ||     3
       Unarmed           |       |    16 |       ||    16
Throw: Throwing net      |       |       |     1 ||     1
Invok: Depart the Abyss  |     1 |       |       ||     1
  Use: Scroll            |     3 |     4 |     5 ||    12
       Potion            |       |       |     2 ||     2
Armor: Scale mail        |    42 |   152 |   100 ||   294
       Skin              |       |     8 |       ||     8
Dodge: Dodged            |    42 |   179 |   100 ||   321

Table legend: (Time is in decaauts)
 A = Elapsed time spent in this place.
 B = Non-inter-level travel time spent in this place.
 C = Inter-level travel time spent in this place.
 D = Time resting spent in this place.
 E = Time spent auto-exploring this place.
 F = Levels seen in this place.
 G = Mean time per level.
                   A        B        C        D        E       F      G
               +--------+--------+--------+--------+--------+-----+--------+
         Total |   6141 |   5990 |    151 |   1278 |   3504 |   8 |  767.6 |
       Dungeon |   6006 |   5855 |    151 |   1278 |   3410 |   6 | 1001.0 |
         Abyss |    135 |    135 |      0 |      0 |     94 |   2 |   67.5 |
               +--------+--------+--------+--------+--------+-----+--------+

Top non-repeatable levels by time:
     D:5: 1425 daAuts
     D:2: 1215 daAuts
     D:4: 1204 daAuts
     D:1: 1041 daAuts
     D:3: 781 daAuts
     D:6: 339 daAuts
 Abyss:1: 92 daAuts
 Abyss:2: 43 daAuts
